%YAML 1.1
%TAG !u! tag:unity3d.com,2011:
--- !u!1 &6671753123521349990
GameObject:
  m_ObjectHideFlags: 0
  m_CorrespondingSourceObject: {fileID: 0}
  m_PrefabInstance: {fileID: 0}
  m_PrefabAsset: {fileID: 0}
  serializedVersion: 6
  m_Component:
  - component: {fileID: 7927004859275121112}
  - component: {fileID: 1009711879370343235}
  m_Layer: 0
  m_Name: L(NEW)
  m_TagString: Untagged
  m_Icon: {fileID: 0}
  m_NavMeshLayer: 0
  m_StaticEditorFlags: 0
  m_IsActive: 1
--- !u!4 &7927004859275121112
Transform:
  m_ObjectHideFlags: 0
  m_CorrespondingSourceObject: {fileID: 0}
  m_PrefabInstance: {fileID: 0}
  m_PrefabAsset: {fileID: 0}
  m_GameObject: {fileID: 6671753123521349990}
  m_LocalRotation: {x: 0, y: 0, z: 0, w: 1}
  m_LocalPosition: {x: 0, y: 0, z: 0}
  m_LocalScale: {x: 1, y: 1, z: 1}
  m_Children:
  - {fileID: 5524835971573300243}
  - {fileID: 6023350100820085194}
  m_Father: {fileID: 0}
  m_RootOrder: 0
  m_LocalEulerAnglesHint: {x: 0, y: 0, z: 0}
--- !u!114 &1009711879370343235
MonoBehaviour:
  m_ObjectHideFlags: 0
  m_CorrespondingSourceObject: {fileID: 0}
  m_PrefabInstance: {fileID: 0}
  m_PrefabAsset: {fileID: 0}
  m_GameObject: {fileID: 6671753123521349990}
  m_Enabled: 1
  m_EditorHideFlags: 0
  m_Script: {fileID: 11500000, guid: 762d3d822aeabd9409cc561bad76a27b, type: 3}
  m_Name: 
  m_EditorClassIdentifier: 
--- !u!1001 &580224656322058785
PrefabInstance:
  m_ObjectHideFlags: 0
  serializedVersion: 2
  m_Modification:
    m_TransformParent: {fileID: 7927004859275121112}
    m_Modifications:
    - target: {fileID: 3488121655120573387, guid: bc159df953dff4f44bf5c2c2dcfd8d64, type: 3}
      propertyPath: m_LocalPosition.x
      value: -26.397118
      objectReference: {fileID: 0}
    - target: {fileID: 4945363932036654642, guid: bc159df953dff4f44bf5c2c2dcfd8d64, type: 3}
      propertyPath: m_RootOrder
      value: 0
      objectReference: {fileID: 0}
    - target: {fileID: 4945363932036654642, guid: bc159df953dff4f44bf5c2c2dcfd8d64, type: 3}
      propertyPath: m_LocalPosition.x
      value: 10.397118
      objectReference: {fileID: 0}
    - target: {fileID: 4945363932036654642, guid: bc159df953dff4f44bf5c2c2dcfd8d64, type: 3}
      propertyPath: m_LocalPosition.y
      value: 5.1309605
      objectReference: {fileID: 0}
    - target: {fileID: 4945363932036654642, guid: bc159df953dff4f44bf5c2c2dcfd8d64, type: 3}
      propertyPath: m_LocalPosition.z
      value: 0
      objectReference: {fileID: 0}
    - target: {fileID: 4945363932036654642, guid: bc159df953dff4f44bf5c2c2dcfd8d64, type: 3}
      propertyPath: m_LocalRotation.w
      value: 1
      objectReference: {fileID: 0}
    - target: {fileID: 4945363932036654642, guid: bc159df953dff4f44bf5c2c2dcfd8d64, type: 3}
      propertyPath: m_LocalRotation.x
      value: -0
      objectReference: {fileID: 0}
    - target: {fileID: 4945363932036654642, guid: bc159df953dff4f44bf5c2c2dcfd8d64, type: 3}
      propertyPath: m_LocalRotation.y
      value: -0
      objectReference: {fileID: 0}
    - target: {fileID: 4945363932036654642, guid: bc159df953dff4f44bf5c2c2dcfd8d64, type: 3}
      propertyPath: m_LocalRotation.z
      value: -0
      objectReference: {fileID: 0}
    - target: {fileID: 4945363932036654642, guid: bc159df953dff4f44bf5c2c2dcfd8d64, type: 3}
      propertyPath: m_LocalEulerAnglesHint.x
      value: 0
      objectReference: {fileID: 0}
    - target: {fileID: 4945363932036654642, guid: bc159df953dff4f44bf5c2c2dcfd8d64, type: 3}
      propertyPath: m_LocalEulerAnglesHint.y
      value: 0
      objectReference: {fileID: 0}
    - target: {fileID: 4945363932036654642, guid: bc159df953dff4f44bf5c2c2dcfd8d64, type: 3}
      propertyPath: m_LocalEulerAnglesHint.z
      value: 0
      objectReference: {fileID: 0}
    - target: {fileID: 9027598407698085763, guid: bc159df953dff4f44bf5c2c2dcfd8d64, type: 3}
      propertyPath: m_Name
      value: L
      objectReference: {fileID: 0}
    m_RemovedComponents: []
  m_SourcePrefab: {fileID: 100100000, guid: bc159df953dff4f44bf5c2c2dcfd8d64, type: 3}
--- !u!4 &5524835971573300243 stripped
Transform:
  m_CorrespondingSourceObject: {fileID: 4945363932036654642, guid: bc159df953dff4f44bf5c2c2dcfd8d64, type: 3}
  m_PrefabInstance: {fileID: 580224656322058785}
  m_PrefabAsset: {fileID: 0}
--- !u!1001 &5753658971791683326
PrefabInstance:
  m_ObjectHideFlags: 0
  serializedVersion: 2
  m_Modification:
    m_TransformParent: {fileID: 7927004859275121112}
    m_Modifications:
    - target: {fileID: 2039610945144104756, guid: c0be759d18bd460468a1a1d8586a92be, type: 3}
      propertyPath: m_RootOrder
      value: 1
      objectReference: {fileID: 0}
    - target: {fileID: 2039610945144104756, guid: c0be759d18bd460468a1a1d8586a92be, type: 3}
      propertyPath: m_LocalPosition.x
      value: 0
      objectReference: {fileID: 0}
    - target: {fileID: 2039610945144104756, guid: c0be759d18bd460468a1a1d8586a92be, type: 3}
      propertyPath: m_LocalPosition.y
      value: 0
      objectReference: {fileID: 0}
    - target: {fileID: 2039610945144104756, guid: c0be759d18bd460468a1a1d8586a92be, type: 3}
      propertyPath: m_LocalPosition.z
      value: 0
      objectReference: {fileID: 0}
    - target: {fileID: 2039610945144104756, guid: c0be759d18bd460468a1a1d8586a92be, type: 3}
      propertyPath: m_LocalRotation.w
      value: 1
      objectReference: {fileID: 0}
    - target: {fileID: 2039610945144104756, guid: c0be759d18bd460468a1a1d8586a92be, type: 3}
      propertyPath: m_LocalRotation.x
      value: 0
      objectReference: {fileID: 0}
    - target: {fileID: 2039610945144104756, guid: c0be759d18bd460468a1a1d8586a92be, type: 3}
      propertyPath: m_LocalRotation.y
      value: 0
      objectReference: {fileID: 0}
    - target: {fileID: 2039610945144104756, guid: c0be759d18bd460468a1a1d8586a92be, type: 3}
      propertyPath: m_LocalRotation.z
      value: 0
      objectReference: {fileID: 0}
    - target: {fileID: 2039610945144104756, guid: c0be759d18bd460468a1a1d8586a92be, type: 3}
      propertyPath: m_LocalEulerAnglesHint.x
      value: 0
      objectReference: {fileID: 0}
    - target: {fileID: 2039610945144104756, guid: c0be759d18bd460468a1a1d8586a92be, type: 3}
      propertyPath: m_LocalEulerAnglesHint.y
      value: 0
      objectReference: {fileID: 0}
    - target: {fileID: 2039610945144104756, guid: c0be759d18bd460468a1a1d8586a92be, type: 3}
      propertyPath: m_LocalEulerAnglesHint.z
      value: 0
      objectReference: {fileID: 0}
    - target: {fileID: 2039610945144104757, guid: c0be759d18bd460468a1a1d8586a92be, type: 3}
      propertyPath: m_Name
      value: Content
      objectReference: {fileID: 0}
    m_RemovedComponents: []
  m_SourcePrefab: {fileID: 100100000, guid: c0be759d18bd460468a1a1d8586a92be, type: 3}
--- !u!4 &6023350100820085194 stripped
Transform:
  m_CorrespondingSourceObject: {fileID: 2039610945144104756, guid: c0be759d18bd460468a1a1d8586a92be, type: 3}
  m_PrefabInstance: {fileID: 5753658971791683326}
  m_PrefabAsset: {fileID: 0}
